Map: 엔디온 잔해

Players

llllllllllll (Billowy) - Winner!

  • Race: Protoss Protoss
  • League: Master

llllllllllll (Scarlett)

  • Race: Zerg Zerg
  • League: Grandmaster

VOD

Have the link to the VOD?

Description

Time

  • Played on: April 14, 2016, 6:59 a.m.
  • Length: 12:30
Show
View Real Time Build Order
Export as new Build Order

llllllllllll Protoss - Winner!

Build Orders: 1 Gate Expand 

Get SALT Encoding   

  12  0:01  Probe (Chrono Boost)  
  13  0:12  Probe (Chrono Boost)  
  14  0:17  Pylon  
  14  0:22  Probe (Chrono Boost)  
  15  0:36  Probe (Chrono Boost)  
  15  0:37  Gateway  
  16  0:46  Probe (Chrono Boost)  
  16  0:47  Assimilator  
  18  0:57  Probe (Chrono Boost)  
  18  0:58  Assimilator  
  18  1:07  Probe (Chrono Boost)  
  19  1:18  Probe (Chrono Boost)  
  20  1:24  Cybernetics Core  
  20  1:28  Probe (Chrono Boost)  
  21  1:41  Nexus  
  21  1:47  Pylon  
  21  1:50  Probe (Chrono Boost)  
  22  2:01  Probe (Chrono Boost), Warp Gate  
  23  2:05  Stalker (Chrono Boost)  
  25  2:12  Probe  
  26  2:24  Mothership Core  
  28  2:36  Sentry (Chrono Boost)  
  30  2:37  Pylon  
  30  2:45  Probe  
  31  2:52  Probe  
  31  2:57  Probe  
  33  2:59  Gateway  
  33  3:01  Gateway  
  33  3:03  Probe  
  34  3:10  Probe  
  34  3:12  Adept (Chrono Boost)  
  37  3:13  Probe  
  38  3:22  Probe  
  38  3:25  Probe  
  40  3:34  Probe  
  41  3:36  Probe  
  42  3:44  Robotics Facility  
  42  3:46  Probe (Chrono Boost)  
  42  3:47  Forge  
  43  3:50  Probe (Chrono Boost)  
  44  3:56  Pylon  
  44  3:57  Probe (Chrono Boost)  
  44  4:01  Probe (Chrono Boost)  
  46  4:08  Probe (Chrono Boost)  
  46  4:09  Protoss Ground Weapons Level 1 (Chrono Boost)  
  47  4:11  Probe (Chrono Boost)  
  47  4:13  Pylon  
  48  4:17  Twilight Council  
  48  4:18  Probe (Chrono Boost)  
  48  4:21  Probe (Chrono Boost)  
  50  4:29  Nexus  
  50  4:30  Probe  
  50  4:32  Observer (Chrono Boost), Probe  
  50  4:37  Pylon  
  52  4:42  Probe  
  52  4:44  Probe, Assimilator  
  52  4:45  Assimilator  
  54  4:53  Pylon  
  54  4:54  Probe  
  54  4:56  Probe  
  54  4:58  Charge  
  56  5:02  Warp Prism (Chrono Boost)  
  56  5:06  Probe  
  59  5:16  Stargate  
  59  5:18  Probe x2  
  61  5:24  Stargate  
  61  5:27  Pylon  
  61  5:31  Probe x2  
  61  5:33  Gateway  
  61  5:34  Gateway  
  63  5:41  Observer (Chrono Boost), Probe  
  65  5:43  Probe x2  
  65  5:45  Photon Cannon  
  67  5:51  Probe  
  67  5:55  Probe  
  67  5:56  Adept x3  
  75  6:00  Phoenix (Chrono Boost)  
  75  6:03  Probe  
  77  6:05  Probe  
  77  6:07  Probe  
  77  6:08  Phoenix (Chrono Boost)  
  82  6:14  Probe, Protoss Ground Weapons Level 2  
  82  6:17  Probe  
  84  6:20  Probe  
  84  6:22  Assimilator  
  84  6:23  Phoenix (Chrono Boost)  
  84  6:25  Probe, Assimilator  
  87  6:29  Probe  
  87  6:31  Phoenix (Chrono Boost)  
  91  6:33  Protoss Air Weapons Level 1  
  91  6:35  Probe x2  
  91  6:36  Pylon  
  93  6:45  Phoenix (Chrono Boost)  
  95  6:49  Pylon  
  59  6:54  Phoenix (Chrono Boost)  
  97  6:58  Zealot x4  
  97  6:59  Zealot  
  97  7:00  Photon Cannon  
  107  7:07  Gateway, Immortal (Chrono Boost)  
  111  7:10  Gateway  
  109  7:18  Phoenix  
  109  7:19  Phoenix, Mothership Core  
  108  7:38  Probe x2  
  110  7:47  Zealot, Phoenix x2  
  110  7:48  Zealot x4, Pylon  
  124  7:55  Fleet Beacon  
  124  8:00  Templar Archives  
  124  8:08  Zealot x4  
  132  8:21  Photon Cannon  
  132  8:27  Pylon  
  132  8:28  Phoenix x2  
  132  8:29  Pylon, Templar Archives  
  132  8:34  Protoss Ground Weapons Level 3  
  128  8:35  Warp Prism (Chrono Boost)  
  128  8:40  Anion Pulse-Crystals, Protoss Air Weapons Level 2  
  130  8:45  Zealot  
  130  8:47  Zealot x5  
  142  8:48  Pylon  
  142  8:52  Phoenix  
  142  8:53  Phoenix  
  146  9:13  Zealot x3  
  146  9:14  Zealot  
  154  9:20  Nexus  
  154  9:29  High Templar x3  
  152  9:33  Gateway  
  152  9:35  Gateway, Phoenix  
  152  9:36  High Templar  
  146  9:40  Archon  
  146  9:41  Archon, Zealot x2  
  146  9:42  Zealot  
  146  9:43  Photon Cannon  
  146  9:45  Photon Cannon, Phoenix  
  156  10:09  Pylon  
  156  10:21  Phoenix  
  156  10:22  Phoenix  
  134  10:42  Phoenix  
  108  10:44  Zealot x7, Phoenix  
  124  10:50  Pylon  
  124  10:53  Assimilator  
  118  10:58  Assimilator  
  118  11:01  Photon Cannon  
  106  11:04  Photon Cannon, Phoenix  
  106  11:05  Phoenix  
  98  11:20  High Templar x2  
  98  11:21  Zealot x7  
  116  11:25  Archon  
  116  11:26  Phoenix  
  116  11:27  Phoenix  
  120  11:37  Observer (Chrono Boost)  
  121  11:47  Phoenix  
  121  11:49  Phoenix  
  123  12:12  Zealot x9  
Show
View Real Time Build Order
Export as new Build Order

llllllllllll Zerg 

Build Orders: Hatch First 

Get SALT Encoding   

  12  0:02  Drone  
  13  0:08  Drone  
  14  0:17  Overlord  
  14  0:22  Extractor  
  14  0:23  Drone  
  15  0:36  Drone x2  
  17  0:51  Hatchery  
  17  0:55  Drone  
  17  1:01  Extractor  
  17  1:03  Drone  
  17  1:13  Spawning Pool  
  17  1:16  Drone  
  17  1:21  Drone  
  18  1:30  Drone  
  19  1:39  Overlord  
  19  1:58  Drone  
  19  2:00  Metabolic Boost  
  20  2:01  Queen  
  20  2:03  Zergling x2  
  20  2:05  Queen  
  25  2:13  Drone x2  
  27  2:15  Drone  
  28  2:30  Drone x2  
  30  2:37  Hatchery  
  29  2:45  Overlord  
  29  2:48  Zergling x6  
  32  2:53  Overlord  
  32  3:05  Drone x2  
  34  3:12  Drone  
  35  3:13  Drone x3  
  35  3:14  Queen  
  40  3:28  Drone x5  
  44  3:38  Overlord  
  44  3:39  Drone  
  45  3:48  Overlord, Drone  
  45  3:49  Drone x3  
  45  3:50  Lair  
  45  3:53  Extractor  
  45  3:54  Extractor, Drone x3  
  50  4:03  Drone  
  50  4:04  Drone x2  
  53  4:21  Queen  
  53  4:23  Drone x10  
  65  4:28  Drone  
  65  4:29  Extractor  
  65  4:30  Drone x4  
  69  4:37  Overlord x2  
  69  4:38  Drone  
  69  4:43  Evolution Chamber  
  69  4:49  Overseer  
  69  4:51  Drone x2  
  71  4:53  Spire  
  71  4:59  Drone x2  
  75  5:00  Drone x6  
  75  5:02  Extractor  
  75  5:03  Extractor  
  76  5:16  Zerg Melee Weapons Level 1  
  76  5:23  Zergling x14  
  83  5:31  Spine Crawler  
  83  5:32  Spine Crawler  
  83  5:33  Overlord  
  83  5:34  Overlord  
  83  5:35  Zergling x10  
  86  5:45  Hatchery  
  86  5:46  Overlord x2  
  85  6:06  Mutalisk x9  
  103  6:17  Overlord  
  104  6:18  Drone  
  104  6:19  Drone x5  
  109  6:28  Overlord, Mutalisk x2  
  109  6:29  Mutalisk x2  
  117  6:36  Zerg Flyer Weapons Level 1  
  117  6:39  Overseer  
  117  6:44  Mutalisk  
  117  6:45  Overlord x2  
  120  6:47  Drone x6  
  120  6:53  Overlord  
  125  7:00  Overlord x3  
  125  7:03  Drone x7  
  125  7:07  Corruptor x3  
  138  7:20  Corruptor  
  138  7:21  Corruptor x2  
  144  7:28  Corruptor  
  144  7:37  Mutalisk  
  134  7:40  Mutalisk  
  134  7:44  Extractor  
  133  7:45  Extractor, Mutalisk  
  132  7:51  Drone x3  
  132  7:52  Drone x3  
  132  7:57  Hatchery  
  137  8:02  Mutalisk  
  139  8:10  Mutalisk  
  141  8:13  Mutalisk  
  141  8:18  Drone x13  
  153  8:22  Hatchery  
  153  8:23  Spore Crawler  
  153  8:24  Spore Crawler  
  147  8:30  Zerg Flyer Armor Level 1  
  147  8:33  Corruptor  
  147  8:34  Corruptor x2  
  148  8:48  Mutalisk  
  148  8:49  Mutalisk, Extractor  
  148  8:50  Zerg Melee Weapons Level 2  
  148  8:51  Extractor  
  148  8:55  Baneling Nest  
  149  8:56  Mutalisk  
  149  8:58  Extractor x2  
  149  9:00  Zergling x2  
  149  9:01  Zergling x26  
  163  9:12  Spine Crawler  
  163  9:15  Spore Crawler  
  161  9:17  Mutalisk x5  
  161  9:18  Spine Crawler, Spore Crawler  
  161  9:21  Spine Crawler  
  164  9:33  Corruptor  
  164  9:34  Corruptor, Mutalisk  
  171  9:45  Drone x3  
  171  9:46  Drone x3  
  171  9:48  Infestation Pit  
  171  9:51  Mutalisk x2  
  171  9:52  Spire  
  178  10:02  Zergling x2  
  178  10:03  Zergling x34  
  189  10:09  Baneling x14  
  183  10:16  Mutalisk  
  183  10:17  Mutalisk x2  
  134  10:40  Mutalisk  
  134  10:41  Mutalisk x4  
  126  10:48  Drone x8  
  132  10:59  Drone  
  132  11:00  Drone x7  
  139  11:17  Corruptor  
  139  11:18  Corruptor x2  
  139  11:32  Corruptor  
  139  11:33  Corruptor x2  
  137  12:00  Corruptor x6  
Tags
 
Add a new tag
Caveats
  • Supply blocks, unpowered buildings, or Contaminate may cause inaccurate times.
  • Supply counts are checked every 10 seconds.